 Dungeon Crawl Stone Soup version 0.28-a0-1504-g839a4452db (webtiles) character file.

Game seed: 12067066146318969095

4191 Cheeritup the Carver (level 10, -9/79 HPs)
             Began as a Formicid Fighter on Jan 13, 2022.
             Was a Follower of the Shining One.
             Mangled by an orc warrior (28 damage)
             ... in a bailey.
             The game lasted 00:35:24 (11363 turns).

Cheeritup the Carver (Formicid Fighter)            Turns: 11363, Time: 00:35:24

Health: -9/79      AC: 17    Str: 22    XL:     10   Next: 54%
Magic:  10/10      EV:  5    Int:  7    God:    the Shining One [*.....]
Gold:   653        SH: 10    Dex: 14    Spells: 9/9 levels left

rFire   . . .      SeeInvis +   r - +5 scimitar
rCold   . . .      Faith    .   v - +1 kite shield
rNeg    . . .      Spirit   .   y - +0 plate armour
rPois   .          Reflect  .   (helmet unavailable)
rElec   .          Harm     .   (no cloak)
rCorr   .          Rampage  .   u - +1 pair of gloves
Will    +....                   (no boots)
Stlth   ..........              n - amulet of the acrobat
HPRegen 0.23/turn               g - ring of Dunygguehe {Slay+4 Stlth+}
MPRegen 0.12/turn               w - +4 ring of protection

@: mighty, glowing
A: permanent stasis, dig shafts and tunnels, antennae 3, four strong arms
a: Dig, Renounce Religion, Divine Shield


You were in a bailey.
You worshipped the Shining One.
The Shining One was aware of your devotion.
You visited 2 branches of the dungeon, and saw 10 of its levels.
You also visited: Bailey.

You collected 653 gold pieces.

Inventory:

Hand Weapons
 b - a +0 hunting sling
 r - a +5 scimitar (weapon)
Missiles
 i - 2 throwing nets
Armour
 l - the +0 buckler of Ykuruhom {rC++}
   (You took it off a gnoll on level 5 of the Dungeon)

   rC:        It greatly protects you from cold.
 u - a +1 pair of gloves (worn)
 v - a +1 kite shield (worn)
 y - a +0 plate armour (worn)
Jewellery
 c - a ring of protection from fire
 g - the ring of Dunygguehe (left hand) {Slay+4 Stlth+}
   (You acquired it on level 4 of the Dungeon)

   [ring of slaying]

   Slay:      It affects your accuracy & damage with ranged weapons and melee
   (+4).
   Stlth:     It makes you more stealthy.
 n - an amulet of the acrobat (around neck)
 w - a +4 ring of protection (right hand)
 z - an amulet of regeneration
Wands
 e - a wand of paralysis (4)
 k - a wand of flame (27)
 t - a wand of polymorph (5)
Scrolls
 j - a scroll of amnesia
 m - 3 scrolls of magic mapping
 x - a scroll of summoning
Potions
 a - 2 potions of mutation
 d - 4 potions of might
 f - 3 potions of haste
 h - 2 potions of flight
 o - a potion of invisibility {unknown}
 p - a potion of resistance {unknown}
 s - 4 potions of heal wounds
 A - a potion of magic {unknown}


   Skills:
 - Level 7.0 Fighting
 + Level 13.5 Long Blades
 - Level 3.2 Armour
 - Level 3.6 Shields


You had 9 spell levels left.
You didn't know any spells.
Your spell library contained the following spells:

 Spells                   Type           Power      Damage    Failure   Level
 Scorch                   Fire           0%         2d5       100%        2
 Call Canine Familiar     Summ           0%         N/A       100%        3
 Gell's Gravitas          Tloc           0%         N/A       100%        3
 Lesser Beckoning         Tloc           0%         N/A       100%        3
 Portal Projectile        Hex/Tloc       0%         N/A       100%        3
 Teleport Other           Tloc           0%         N/A       100%        3
 Flame Wave               Conj/Fire      0%         2d4       100%        4
 Leda's Liquefaction      Hex/Erth       0%         N/A       100%        4
 Summon Cactus Giant      Summ           0%         N/A       100%        6


Dungeon Overview and Level Annotations

Branches:
Dungeon (9/15)             Temple (1/1) D:7             Orc (0/2) D:9
 Bailey (1/1)
   Lair: D:8-11

Altars:
Ashenzari
Cheibriados
Dithmenos
Elyvilon
Fedhas
Gozag
Hepliaklqana
Kikubaaqudgha
Makhleb
Nemelex Xobeh
Okawaru
Qazlal
Ru
Sif Muna
Trog
Uskayaw
Vehumet
Wu Jian
Xom
Yredelemnul
Zin
The Shining One

Shops:
D:2 =   D:8 [   D:9 [

Portals:
Abyss: D:7

Annotations:
D:7 2 transporters, whodunnit's ghost, novice DsMo


Innate Abilities, Weirdness & Mutations

You cannot be hasted, slowed, berserked, paralysed or teleported.
You can dig through walls and to a lower floor.
You have a pair of large antennae on your head. (SInv)
Your four strong arms can wield two-handed weapons with a shield.


Message History

Zot will find you in 5614 turns if you stay in this branch and explore no new floors.
Aiming: Paralyse
Press: ? - help, Shift-Dir - straight line, f/p - orc knight
Aim: an orc knight, wielding a +0 bardiche and wearing a +0 ring mail (chance to affect: 31%)
The orc knight easily resists.
You are a level 10 Formicid Fighter.
You are 54% of the way to level 11.
Play time: 00:35:13 (11354 turns).
Zot will find you in 5613 turns if you stay in this branch and explore no new floors.
Okay, then.
You feel very mighty all of a sudden.
The orc knight hits you from afar with a +0 bardiche.
The orc warrior barely misses you.
The orc knight hits you with a +0 bardiche!
The orc warrior hits you with a +0 glaive.
You slash the orc knight!
The orc knight is lightly wounded.
The orc knight hits you but does no damage.
You closely miss the orc knight.
The orc knight is lightly wounded.
The orc warrior barely misses you.
An orc warrior comes into view. It is wielding a +0 trident.
The orc warrior shouts!
You slice the orc knight!!
The orc knight is heavily wounded.
You block the orc knight's attack. The orc warrior completely misses you.
You slice the orc knight!!
The orc knight is severely wounded.
The orc warrior hits you with a +0 glaive!!
An orc warrior comes into view. It is wielding a +0 glaive.
The orc warrior shouts!
The orc warrior misses you. You block the orc knight's attack.
There is a huge open gate, spattered with blood here.
You block the orc warrior's attack.
The orc knight hits you with a +0 bardiche!
* * * LOW HITPOINT WARNING * * *
You slice the orc knight!!
You kill the orc knight!
The orc warrior no longer looks unusually strong.
The orc warrior hits you with a +0 glaive!!
You die...

###### ####### ###
......###.....#########..
.......'.......#.....#...
.......')...#..'.)...'...
.....o.'@......'))...'...
...o...o....#..').)..'...
.......'.......#)...)#...
......###.....#########..
###### ####### ###


You could see 3 orc warriors.

Vanquished Creatures
  An orc knight (Bailey)
  A hornet (D:7)
  Prince Ribbit (D:7)
  A wyvern (D:9)
  A steam dragon (D:6)
  A water moccasin (D:6)
  2 ice beasts
  5 orc warriors
  2 black bears
  3 necrophages
  A centaur (D:8)
  An ogre (D:5)
  A kobold brigand (D:7)
  3 scorpions
  2 gnoll sergeants (D:5)
  2 bullfrogs
  A water moccasin zombie (D:6)
  A water moccasin skeleton (D:4)
  12 wights
  2 howler monkeys (D:8)
  4 centaur zombies
  3 hounds
  An orc priest (D:7)
  A centaur skeleton (D:4)
  A gnoll shaman (D:5)
  A bullfrog skeleton (D:4)
  2 iguanas
  4 orc wizards
  A killer bee zombie (D:8)
  A hound skeleton (D:4)
  A howler monkey zombie (D:7)
  20 gnolls (D:5)
  2 howler monkey skeletons
  9 adders
  2 white imps
  2 dart slugs
  59 orcs
  6 endoplasms
  5 giant cockroaches
  11 goblins
  9 hobgoblins
  14 jackals
  9 kobolds
  3 quokkas
  4 ball pythons
  3 bats
  6 frilled lizards
  5 rats
233 creatures vanquished.

Vanquished Creatures (collateral kills)
  3 orcs (D:5)
3 creatures vanquished.

Vanquished Creatures (others)
  An orc (D:8)
1 creature vanquished.

Grand Total: 237 creatures vanquished

Notes
Turn   | Place    | Note
-------+----------+-------------------------------------------
     0 | D:1      | Cheeritup the Formicid Fighter began the quest for the Orb.
     0 | D:1      | Reached XP level 1. HP: 18/18 MP: 1/1
   151 | D:1      | Found a faded altar of an unknown god.
   297 | D:1      | Reached XP level 2. HP: 18/20 MP: 2/2
   985 | D:2      | Reached XP level 3. HP: 26/28 MP: 3/3
  1142 | D:2      | Reached skill level 3 in Long Blades
  1142 | D:2      | Reached XP level 4. HP: 32/38 MP: 4/4
  1709 | D:2      | You fall into a shaft and drop 1 floor!
  1836 | D:2      | Found Nitwiefe's Jewellery Shoppe.
  1836 | D:2      | Found a hazy altar of Hepliaklqana.
  1956 | D:2      | Reached XP level 5. HP: 43/43 MP: 5/5
  2774 | D:4      | Reached skill level 5 in Fighting
  2774 | D:4      | Reached skill level 4 in Long Blades
  2936 | D:4      | Reached XP level 6. HP: 22/51 MP: 6/6
  3928 | D:4      | Noticed an ice beast
  3932 | D:4      | an ice beast changed into a bullfrog
  3936 | D:4      | Reached skill level 5 in Long Blades
  3975 | D:4      | Noticed a black bear
  4000 | D:4      | Reached XP level 7. HP: 58/58 MP: 7/7
  4114 | D:4      | Identified a scroll of acquirement
  4114 | D:4      | Acquired the ring of Dunygguehe {Slay+4 Stlth+}
  4403 | D:5      | Entered Level 5 of the Dungeon
  4947 | D:5      | You fall into a shaft and drop 1 floor!
  4956 | D:6      | Reached skill level 6 in Long Blades
  5178 | D:5      | Reached XP level 8. HP: 64/67 MP: 8/8
  5596 | D:5      | Reached skill level 7 in Long Blades
  5693 | D:5      | Identified the +0 buckler of Ykuruhom {rC++}
  6200 | D:5      | Reached skill level 8 in Long Blades
  6741 | D:5      | Reached skill level 9 in Long Blades
  6741 | D:5      | Reached XP level 9. HP: 60/72 MP: 9/9
  7507 | D:6      | Reached skill level 10 in Long Blades
  8254 | D:6      | Reached skill level 11 in Long Blades
  8420 | D:7      | Noticed Prince Ribbit
  8428 | D:7      | Killed Prince Ribbit
  8468 | D:7      | Found a transporter.
  8503 | D:7      | Found a staircase to the Ecumenical Temple.
  8516 | Temple   | Entered the Ecumenical Temple
  8980 | Temple   | Became a worshipper of the Shining One
  9055 | D:7      | Reached XP level 10. HP: 52/79 MP: 10/10
  9233 | D:7      | Reached skill level 12 in Long Blades
  9354 | D:7      | Found an opulent altar of Gozag.
  9386 | D:7      | Found a transporter.
  9709 | D:7      | Found a one-way gate to the infinite horrors of the Abyss.
  9863 | D:7      | Noticed whodunnit's ghost (novice DsMo)
 10157 | D:8      | Found Amud's Armour Emporium.
 10162 | D:8      | Reached * piety under the Shining One
 10185 | D:8      | Reached skill level 13 in Long Blades
 10902 | D:9      | Found Loupor's Armour Shop.
 10939 | D:9      | Found a flagged portal.
 10961 | Bailey   | Entered a bailey
 11349 | Bailey   | Noticed an orc knight
 11363 | Bailey   | Killed an orc knight
 11363 | Bailey   | Mangled by an orc warrior

Illustrated notes

Levels and vault maps discovered:
D:1:      minmay_arrival_plants_in_alcoves, layout_loops_cross,
          ebering_ecumenical_altar_hall
D:2:      layout_loops_cross, serial_shops, nicolae_shop_trees, basic_altar
D:3:      layout_loops_ring
D:4:      minmay_bubble_buster, layout_basic, kennysheep_boxes
D:5:      lemuel_castle_with_subvaults [lemuel_castle_interior_original],
          layout_basic, kennysheep_minor_cross
D:6:      layout_basic
D:7:      layout_basic, nicolae_gozag_seed_capital,
          minmay_temple_entry_sparse_star, gammafunk_ghost_abyssal_escape,
          uniq_prince_ribbit1
D:8:      layout_rooms, serial_shops, kennysheep_mini, lemuel_old_faithful
D:9:      layout_loops_corners, minmay_orc_entry_guard_dogs, enter_bailey_3,
          kennysheep_flooded_box, nicolae_stop_n_shop_2
Temple:   mainiacjoe_temple_trianglar_array
Bailey:   bailey_polearm_5, bailey

Skill      XL: |  1  2  3  4  5  6  7  8  9 10 |
---------------+-------------------------------+-----
Fighting       | 4 5 6 7 |  7.0
Long Blades    | 3 4 5 6 9 11 13 | 13.5
Armour         | |  3.2
Shields        | |  3.6

Action                   |  1- 3 |  4- 6 |  7- 9 | 10-12 || total
-------------------------+-------+-------+-------+-------++-------
Melee: Long sword        |    61 |   192 |   298 |       ||   551
       Falchion          |       |       |    75 |    82 ||   157
       Scimitar          |       |       |       |    62 ||    62
 Abil: Dig               |     1 |       |     3 |       ||     4
Evoke: Wand              |       |     4 |       |     4 ||     8
  Use: Potion            |     1 |       |     1 |     2 ||     4
       Scroll            |       |       |    18 |     5 ||    23
Armor: Scale mail        |    26 |    11 |       |       ||    37
       Chain mail        |       |    95 |   181 |    16 ||   292
       Plate armour      |       |       |       |    68 ||    68
Dodge: Dodged            |    31 |    80 |   141 |    68 ||   320
Block: Buckler           |    14 |    44 |    32 |       ||    90
       Kite shield       |       |       |   119 |   101 ||   220

Table legend: (Time is in decaauts)
 A = Elapsed time spent in this place.
 B = Non-inter-level travel time spent in this place.
 C = Inter-level travel time spent in this place.
 D = Time resting spent in this place.
 E = Time spent auto-exploring this place.
 F = Levels seen in this place.
 G = Mean time per level.
                   A        B        C        D        E       F      G
               +--------+--------+--------+--------+--------+-----+--------+
         Total |  11472 |  10986 |    486 |   2616 |   5870 |  11 | 1042.9 |
       Dungeon |  10589 |  10149 |    440 |   2432 |   5431 |   9 | 1176.6 |
        Temple |    487 |    441 |     46 |      0 |    439 |   1 |  487.0 |
        Bailey |    395 |    395 |      0 |    184 |      0 |   1 |  395.0 |
               +--------+--------+--------+--------+--------+-----+--------+

Top non-repeatable levels by time:
     D:5: 2920 daAuts
     D:4: 1875 daAuts
     D:2: 1187 daAuts
     D:7: 991 daAuts
     D:6: 941 daAuts
     D:1: 941 daAuts
     D:8: 831 daAuts
     D:3: 674 daAuts
  Temple: 487 daAuts
  Bailey: 395 daAuts
     D:9: 227 daAuts
